 Dungeon Crawl Stone Soup version 0.17.0-24-gcfadda4 (webtiles) character file.

179 oplop the Changer (level 5, -4/34 HPs)
             Began as an Octopode Transmuter on Nov 15, 2015.
             Slain by a white imp (5 damage)
             ... summoned by Natasha
             ... on level 3 of the Dungeon.
             The game lasted 00:03:08 (3112 turns).

oplop the Changer (Octopode Transmuter)             Turns: 3112, Time: 00:03:08

Health: -4/34      AC:  1    Str: 10    XL:     5   Next: 59%
Magic:  8/9        EV: 12    Int: 16    God:
Gold:   104        SH:  0    Dex: 12    Spells: 3 memorised, 3 levels left

rFire  . . .     SeeInvis .       - Unarmed
rCold  . . .     Clarity  .     (no shield)
rNeg   . . .     SustAt   +     (helmet restricted)
rPois  .         Gourm    .     (no amulet)
rElec  .         Spirit   .     j - ring of sustain attributes
rCorr  .         Warding  .     (no ring)
rMut   .         Stasis   .     (no ring)
MR     .....                    (no ring)
Stlth  ++........               (no ring)
                                (no ring)
                                (no ring)
                                (no ring)

@: appendage, not resistant to hostile enchantments, unstealthy
A: almost no armour, amphibious, 8 rings, constrict 8, tentacle spike 3,
camouflage 1, gelatinous body 1
a: End Transformation


You were on level 3 of the Dungeon.
You were not hungry.
One of your tentacles had a temporary spike.
You visited 1 branch of the dungeon, and saw 4 of its levels.

You collected 104 gold pieces.

Inventory:

Hand Weapons
 z - a +0 blowgun
Missiles
 a - 36 arrows
 s - 19 poisoned arrows
 A - 9 poisoned needles
Jewellery
 j - a ring of sustain attributes (left tentacle)
Wands
 y - a wand of confusion (28)
Scrolls
 d - a scroll of fog {unknown}
 g - 3 scrolls of enchant armour {unknown}
 h - 6 scrolls of identify
 k - 2 scrolls of noise {unknown}
 m - 2 scrolls of teleportation {unknown}
 n - a scroll of blinking {unknown}
 r - 2 scrolls of recharging
 u - a scroll of enchant weapon {unknown}
 v - a scroll of amnesia {unknown}
 w - a scroll of remove curse {unknown}
Potions
 e - a potion of cancellation {unknown}
 f - a potion of flight {unknown}
 o - a potion of agility {unknown}
 p - a potion of brilliance {unknown}
 q - a potion of curing {unknown}
 t - a potion of might {unknown}
 x - a potion of cure mutation {unknown}
Books
 b - a book of Changes

   Spells                             Type                      Level
   a - Beastly Appendage              Transmutation                1
   b - Sticks to Snakes               Transmutation                2
   c - Spider Form                    Transmutation/Poison         3
   d - Ice Form                       Ice/Transmutation            4
   e - Blade Hands                    Transmutation                5
Comestibles
 c - 6 bread rations
 i - 3 meat rations
 l - 2 beef jerkies
 B - 2 chunks of flesh


   Skills:
 + Level 2.2 Fighting
 - Level 2.0 Dodging
 - Level 3.0 Unarmed Combat
 + Level 2.7 Spellcasting
 * Level 4.0 Transmutations
 * Level 2.4 Poison Magic


You had 3 spell levels left.
You knew the following spells:

 Your Spells              Type           Power        Failure   Level  Hunger
a - Beastly Appendage     Trmt           ###...       4%          1    #......
b - Sticks to Snakes      Trmt           ###.......   8%          2    ##.....
c - Spider Form           Trmt/Pois      ##........   17%         3    ###....


Dungeon Overview and Level Annotations

Branches:
Dungeon (4/15)
 Temple: D:4-7

Altars:
Yredelemnul

Annotations:
D:3 Natasha


Innate Abilities, Weirdness & Mutations

You cannot wear most types of armour.
You are amphibious.
You can wear up to eight rings at the same time.
You can use your tentacles to constrict eight enemies at once.
Your skin changes colour to match your surroundings (Stealth).
Your rubbery body absorbs attacks (AC +1).
One of your tentacles bears a large vicious spike.


Message History

The puff of frost hits you!
* * * LOW HITPOINT WARNING * * *
A jackal comes into view.
Unknown command.
Read which item? (? for menu, Esc to quit)
As you read the scroll labeled JUIMYO LOFYSK, it crumbles to dust.
It is a scroll of identify.
Identify which item? (\ to view known items) (? for menu, Esc to quit)
r - 2 scrolls of recharging The white imp barely misses you.
The jackal barks!
You tentacle-slap Natasha but do no damage.
Your grab misses Natasha. Your squeeze misses Natasha.
The white imp completely misses you. Natasha closely misses you.
Unknown command.
You barely miss Natasha. You grab Natasha. You constrict Natasha.
The white imp hits you.
* * * LOW HITPOINT WARNING * * *
The white imp freezes you.
You die...

....#....#.#.# #.# #
....'..[.....# ###'#####
....##.#.#.#######........
########## #.#.#.#
#..+.......) #........
..#.#h# #[##........
#..[....#######...#
#.##########
#........5..h.....#
#.####......
#.......########h5#
#........### #.......#
#####@.# #........#
#.......# #.....>#
#........# #.......#
#.##########.......#
#+####..#
##..[...'.......### #.5#
#......##.......#.. #.h#
#......+........#.#
#......#........#..
.##......#.....######
........##########...


You could see Natasha, a white imp and a jackal.

Vanquished Creatures
  An ogre (D:4)
  A worker ant (D:4)
  2 adders
  An adder skeleton (D:4)
  2 ball pythons (D:1)
  3 giant cockroaches
  6 goblins
  7 hobgoblins
  7 jackals
  A quokka (D:2)
  4 bats
  2 giant geckos
  A giant newt (D:1)
  2 gnoll zombies (D:2)
  7 kobolds
  6 rats
53 creatures vanquished.

Notes
Turn   | Place    | Note
--------------------------------------------------------------
     0 | D:1      | oplop the Octopode Transmuter began the quest for the Orb.
     0 | D:1      | Reached XP level 1. HP: 13/13 MP: 3/3
    99 | D:1      | Reached XP level 2. HP: 11/18 MP: 1/5
  1206 | D:1      | Reached XP level 3. HP: 15/24 MP: 4/6
  1917 | D:2      | Found a basalt altar of Yredelemnul.
  2230 | D:2      | Learned a level 2 spell: Sticks to Snakes
  2234 | D:2      | Learned a level 3 spell: Spider Form
  2324 | D:3      | Reached XP level 4. HP: 27/29 MP: 3/7
  2703 | D:3      | Noticed Natasha
  2951 | D:4      | Noticed an ogre
  2968 | D:4      | Killed an ogre
  2968 | D:4      | Reached skill level 4 in Transmutations
  2968 | D:4      | Reached XP level 5. HP: 34/34 MP: 7/9
  3112 | D:3      | HP: 1/34 [white imp[Natasha] (4)]
  3112 | D:3      | Slain by a white imp

Action                   |  1- 3 |  4- 6 || total
-------------------------+-------+-------++-------
Melee: Unarmed           |   100 |    21 ||   121
 Fire: Blowgun           |       |     9 ||     9
 Cast: Beastly Appendage |    27 |     8 ||    35
  Use: Scroll            |       |     1 ||     1
 Stab: Sleeping          |     7 |       ||     7
  Eat: Chunk             |     5 |     2 ||     7
